 Dungeon Crawl Stone Soup version 0.30-a0-373-gd37427bb62 (console) character file.

Game seed: 10013384738024696944

84 petzl the Sneak (level 4, -1/37 HPs)
             Began as a Formicid Delver on Nov 23, 2022.
             Slain by Terence
             ... wielding a +5 flail of protection
              (10 damage)
             ... on level 2 of the Dungeon.
             The game lasted 00:07:52 (2223 turns).

petzl the Sneak (Formicid Delver)                   Turns: 2223, Time: 00:07:52

Health: -1/37      AC:  5    Str: 16    XL:     4   Next: 74%
Magic:  4/4        EV: 11    Int: 12    God:
Gold:   100        SH:  0    Dex: 15    Spells: 3/3 levels left

rFire   . . .      SeeInvis +    a - +0 mace
rCold   . . .      Faith    .    (no shield)
rNeg    . . .      Spirit   .    q - +0 ring mail
rPois   .          Reflect  .    (helmet unavailable)
rElec   .          Harm     .    (no cloak)
rCorr   .          Rampage  .    (no gloves)
Will    .....                    (no boots)
Stlth   +++.......               (no amulet)
HPRegen 0.26/turn                (no ring)
MPRegen 0.09/turn                (no ring)

@: no status effects
A: permanent stasis, dig shafts and tunnels, antennae 3, four strong arms
a: Dig, Shaft Self


You were on level 2 of the Dungeon.
You visited 2 branches of the dungeon, and saw 7 of its levels.

You collected 100 gold pieces.

Inventory:

Hand Weapons
 a - a +0 mace (weapon)
Missiles
 g - 14 poisoned darts (quivered)
 u - 4 javelins
Armour
 i - the +0 robe of Obulovu {Fly rF+}
   (You found it on level 5 of the Dungeon)

   rF:        It protects you from fire.
   Fly:       It grants you flight.
 q - a +0 ring mail (worn)
Wands
 f - a wand of digging (3)
 s - a wand of quicksilver (2)
Scrolls
 b - a scroll of amnesia {unknown}
 c - a scroll of fog
 d - 2 scrolls of magic mapping
 e - a scroll of fear
 j - 2 scrolls of butterflies {unknown}
 k - 4 scrolls of identify {unknown}
 n - a scroll of vulnerability {unknown}
 p - a scroll of teleportation {unknown}
 r - a scroll of immolation {unknown}
Potions
 h - a potion of brilliance {unknown}
 l - a potion of heal wounds {unknown}
 m - a potion of mutation {unknown}
 o - 2 potions of flight {unknown}
 t - a potion of attraction {unknown}


   Skills:
 + Level 4.0 Fighting
 + Level 2.8 Maces & Flails
 + Level 2.5 Dodging
 + Level 6.6 Stealth


You had 3 spell levels left.
You didn't know any spells.
Your spell library contained the following spells:

 Spells                   Type           Power      Damage    Failure   Level
 Ozocubu's Armour         Ice            0%         N/A       88%         3
 Ozocubu's Refrigeration  Ice            0%         4d7       100%        7


Dungeon Overview and Level Annotations

Branches:
Dungeon (6/15)             Temple (1/1) D:5

Altars:
Ashenzari
Elyvilon
Fedhas
Kikubaaqudgha
Makhleb
Nemelex Xobeh
Okawaru
Qazlal
Ru
Yredelemnul

Annotations:
D:2 exclusion: downstairs, Terence
D:3 exclusion: downstairs, Ijyb
D:5 exclusion: downstairs


Innate Abilities, Weirdness & Mutations

You cannot be hasted, slowed, berserked, paralysed or teleported.
You can dig through walls and to a lower floor.
You have a pair of large antennae on your head. (SInv)
Your four strong arms can wield two-handed weapons with a shield.


Message History

The endoplasm barely misses you.
Your unstable footing causes you to fumble your attack.
The endoplasm jiggles.
The endoplasm freezes you.
You are frozen.
The endoplasm barely misses you.
Your unstable footing causes you to fumble your attack.
The endoplasm splashes around in the water.
You hit the endoplasm.
You kill the endoplasm!
You start resting.
HP restored.
You enter the shallow water.
Moving in this stuff is going to be slow.
Found a ring mail.
You see here a +0 ring mail.
Found 7 stones.
You sense a monster nearby.
Found a scale mail.
Terence the Incautious comes into view.
He is wielding a +5 flail of protection.
You enter the shallow water.
Moving in this stuff is going to be slow.
The helpless Terence fails to defend himself.
You hit Terence but do no damage. Terence closely misses you.
You hit Terence.
Terence is lightly wounded.
Terence shouts, "Now you die!"
Terence hits you with a +5 flail of protection! x2
You hit Terence but do no damage.
Terence is lightly wounded.
Terence hits you with a +5 flail of protection!
You hit Terence but do no damage.
Terence is lightly wounded.
Terence hits you with a +5 flail of protection.
* * * LOW HITPOINT WARNING * * *
Are you sure you want to shaft yourself?
Terence barely misses you.
You begin to dig a shaft.
You continue digging a shaft.
Terence says, "Did you write a will?
You should..."
Terence hits you with a +5 flail of protection!
You die...

##### #...###
######################.#....
#[...(..##......[...........
..#####....#######.#.###.##. #
#...PPP..## ##P..P.###..##
#.#.##~~PP.# ##~P~~P.......#
#...##P~~..# #PP~PPP........
#.@#.♣~~.## #.P~P.P......#.
#.@~P~...###~~♣PP.........
###.~≈P..##P.~~PP.....#.<.
#.P~~P~~#~~~P~#..#####[.
#~P≈♣PP~.P~♣~.#.## #..
#PP~≈~PPPP♣P~.#.######..
##.~≈≈♣P♣♣~.P...........
#PP~≈≈♣~~~P......#...#.
##PP♣♣♣≈~~~..###...###.
#.PP~~≈♣~....####...... ####
#..PP~~~P....#>........
#~~♣###.#~~P~P.P##.#......##÷
##♣♣~~......P~PPP###>#........#
#~~~P....##....##)...#.........
#P~~~~...##..........#.........
#~~~~....###.........######...#
##P~~~...# ######.......###..#.
##~~~#### #(...##..##.#.. #####
#....###.#..#.. #....# #.......


You could see Terence.

Vanquished Creatures
  Jessica (D:2)
  A gnoll (D:1)
  2 worms
  An orc (D:5)
  4 ball pythons
  4 endoplasms
  2 giant cockroaches (D:2)
  3 goblins
  3 hobgoblins
  2 jackals (D:2)
  2 quokkas (D:1)
  6 bats
  3 frilled lizards
  4 kobolds
  3 rats
41 creatures vanquished.

Vanquished Creatures (others)
  A plant (D:2)
1 creature vanquished.

Grand Total: 42 creatures vanquished

Notes
Turn   | Place    | Note
-------+----------+-------------------------------------------
     0 | D:5      | petzl the Formicid Delver began the quest for the Orb.
     0 | D:5      | Reached XP level 1. HP: 18/18 MP: 1/1
    14 | D:5      | Found a staircase to the Ecumenical Temple.
   116 | Temple   | Entered the Ecumenical Temple
   345 | D:5      | Identified the +0 robe of Obulovu {Fly rF+}
   406 | D:6      | Noticed an ice beast
   467 | D:4      | Noticed a black bear
   476 | D:3      | Reached XP level 2. HP: 23/24 MP: 2/2
   528 | D:3      | Noticed Ijyb
   669 | D:2      | Reached XP level 3. HP: 29/29 MP: 3/3
  1616 | D:2      | Reached XP level 4. HP: 25/37 MP: 4/4
  1769 | D:2      | Noticed Jessica
  1844 | D:2      | Killed Jessica
  2212 | D:2      | Noticed Terence
  2223 | D:2      | Slain by Terence

Illustrated notes

Levels and vault maps discovered:
D:1:      minmay_arrival_hallway, layout_basic, serial_bayou_pond_a
D:2:      layout_rooms, serial_bayou, serial_bayou_crossing,
          serial_bayou_shore_b, serial_bayou_lagoon_a, serial_bayou_shore_a,
          minmay_misc_feat_chi, uniq_jessica, uniq_terence
D:3:      layout_rooms, vehumet_altar_wand_db, mainiacjoe_overflow_brackets,
          lemuel_coloured_pillars_altar, mainiacjoe_overflow_boulevard,
          feat_on_display, uniq_sigmund, uniq_ijyb
D:4:      layout_rooms, lemuel_round_altar, mainiacjoe_overflow_six_doors_small,
          lightli_ossuary_entry_decrepit_ruins
D:5:      layout_basic, minmay_temple_entry_waves,
          cheibrodos_sewer_entry_sluice, due_unseen_surprise
D:6:      layout_cave_pods, beargit_hepliaklqana_dungeon_heroes,
          kennysheep_slug_shrine, mainiacjoe_overflow_alcove_4, feat_on_display
Temple:   nicolae_temple_bog_church

Skill      XL: |  1  2  3  4 |
---------------+-------------+-----
Dodging        | 2 |  2.5
Fighting       | 4 |  4.0
Maces & Flails | |  2.8
Stealth        | |  6.6

Action                   |  1- 3 |  4- 6 || total
-------------------------+-------+-------++-------
Melee: Mace              |    72 |    34 ||   106
       Punch             |     1 |       ||     1
Throw: Dart              |     2 |       ||     2
 Abil: Shaft Self        |       |     1 ||     1
 Stab: Sleeping          |     7 |     3 ||    10
       Distracted        |     1 |     1 ||     2
Armor: Leather armour    |    14 |       ||    14
       Ring mail         |       |     6 ||     6
Dodge: Dodged            |    44 |    18 ||    62

Table legend: (Time is in decaauts)
 A = Elapsed time spent in this place.
 B = Non-inter-level travel time spent in this place.
 C = Inter-level travel time spent in this place.
 D = Time resting spent in this place.
 E = Time spent auto-exploring this place.
 F = Levels seen in this place.
 G = Mean time per level.
                   A        B        C        D        E       F      G
               +--------+--------+--------+--------+--------+-----+--------+
         Total |   2283 |   2232 |     51 |    346 |   1220 |   7 |  326.1 |
       Dungeon |   2064 |   2033 |     31 |    346 |   1030 |   6 |  344.0 |
        Temple |    219 |    199 |     20 |      0 |    189 |   1 |  219.0 |
               +--------+--------+--------+--------+--------+-----+--------+

Top non-repeatable levels by time:
     D:1: 994 daAuts
     D:2: 727 daAuts
  Temple: 219 daAuts
     D:5: 182 daAuts
     D:3: 79 daAuts
     D:6: 48 daAuts
     D:4: 32 daAuts
